 Dungeon Crawl Stone Soup version 0.18-a0-1267-gff090c1 (webtiles) character file.

502 4thArraOfDagon the Gusty (level 6, -11/41 HPs)
             Began as a Demonspawn Air Elementalist on Feb 6, 2016.
             Was a Follower of Dithmenos.
             Mangled by an unseen horror (12 damage)
             ... on level 7 of the Dungeon.
             The game lasted 00:11:58 (1749 turns).

4thArraOfDagon the Gusty (DsAE)                     Turns: 1749, Time: 00:11:58

Health: -11/41     AC:  5    Str:  9 (10) XL:     6   Next: 95%
Magic:  0/9        EV: 12    Int: 18      God:    Dithmenos [*.....]
Gold:   191        SH:  0    Dex: 14      Spells: 4 memorised, 1 level left

rFire  . . .     SeeInvis .     o - +3 halberd
rCold  . . .     Gourm    .     d - +1 robe
rNeg   . . .     Faith    .     (shield currently unavailable)
rPois  .         Spirit   +     (helmet restricted)
rElec  +         Dismiss  .     (no cloak)
rCorr  .         Reflect  .     m - +1 pair of gloves
SustAt .         Harm     .     (no boots)
MR     .....     Rnd*Rage +     (no amulet)
Stlth  ++........               (no ring)
                                (no ring)

@: sluggish, wreathed by umbra, repel missiles, very slow, not resistant to
hostile enchantments, unstealthy
A: hooves 1, horns 1, berserk 1, clever 1, deterioration 1, electricity
resistance, magic shield, magic regeneration
a: Renounce Religion


You were on level 7 of the Dungeon.
You worshipped Dithmenos.
Dithmenos was aware of your devotion.
You were not hungry.

You visited 1 branch of the dungeon, and saw 7 of its levels.

You collected 191 gold pieces.

Inventory:

Hand Weapons
 o - a +3 halberd (weapon)
Armour
 d - a +1 robe (worn)
 m - a +1 pair of gloves (worn)
Wands
 a - a wand of acid (0/15)
Scrolls
 h - a scroll of amnesia {unknown}
 l - a scroll of immolation
Potions
 f - a potion of degeneration
Books
 b - a book of Air

   Spells                             Type                      Level
   a - Shock                          Conjuration/Air              1
   b - Swiftness                      Charms/Air                   2
   c - Repel Missiles                 Charms/Air                   2
   d - Static Discharge               Conjuration/Air              3
   e - Lightning Bolt                 Conjuration/Air              5
Comestibles
 c - 4 bread rations
 g - a chunk of flesh


   Skills:
 * Level 3.6 Polearms
 - Level 1.7 Dodging
 - Level 1.7 Stealth
 - Level 2.0 Spellcasting
 - Level 4.0 Conjurations
 - Level 4.8 Air Magic


You had one spell level left.
You knew the following spells:

 Your Spells              Type           Power        Failure   Level  Hunger
a - Shock                 Conj/Air       ###.         3%          1    #......
b - Repel Missiles        Chrm/Air       ##....       12%         2    ###....
c - Swiftness             Chrm/Air       ##......     12%         2    ###....
d - Static Discharge      Conj/Air       ###.....     12%         3    ###....


Dungeon Overview and Level Annotations

Branches:
Dungeon (7/15)
 Temple: D:4-7

Altars:
Dithmenos
Elyvilon

Annotations:
D:2 Natasha
D:5 Prince Ribbit


Innate Abilities, Weirdness & Mutations

You have large cloven feet.
When hurt, damage is shared between your health and your magic reserves.
You regenerate magic rapidly.
You have a pair of small horns on your head.
You tend to lose your temper in combat.
Your mind is acute. (Int +2)
Your body sometimes deteriorates upon taking damage.
You are resistant to electric shocks.


Message History

Zapping:
a - a wand of acid {zapped: 4} (will waste charges)
Press: ? - help, Shift-Dir - straight line Evoking this partially-identified wand wasted a few charges.
Something hits you but does no damage. Something hits you.
* * * LOW HITPOINT WARNING * * *
Something hits you but does no damage.
Unknown command.
Evoke which item? (* to show all) (? for menu, Esc to quit)
Zapping:
a - a wand of acid {zapped: 7} (will waste charges)
Press: ? - help, Shift-Dir - straight line Evoking this partially-identified wand wasted a few charges.
You feel sluggish. Something completely misses you.
Read which item? (? for menu, Esc to quit)
As you read the scroll labeled GAEMARIHIO, it crumbles to dust.
You hear a loud clanging noise!
It was a scroll of noise.
Something hits you.
* * * LOW HITPOINT WARNING * * *
Something hits you!
You die...

### #.#####
### #....<#
#.. #.#####
#.# #.# #.#
#@#
#.#######.#
#.........#
###########


There were no monsters in sight!

Vanquished Creatures
  A sky beast (D:7)
  Blork the orc (D:6)
  A giant frog (D:6)
  4 wights (D:6)
  A giant frog zombie (D:6)
  A hound (D:7)
  A worker ant zombie (D:6)
  6 orcs
  2 giant cockroaches
  A goblin (D:1)
  6 hobgoblins
  A kobold (D:2)
  A ball python (D:2)
  A bat (D:2)
  2 giant newts
  A quokka skeleton (D:6)
  9 rats
40 creatures vanquished.

Notes
Turn   | Place    | Note
--------------------------------------------------------------
     0 | D:1      | 4thArraOfDagon the Demonspawn Air Elementalist began the quest for the Orb.
     0 | D:1      | Reached XP level 1. HP: 13/13 MP: 3/3
    40 | D:2      | Found a shadowy altar of Dithmenos.
    70 | D:2      | Became a worshipper of Dithmenos the Shadowed
    73 | D:2      | Noticed Natasha
    91 | D:2      | Noticed an iron imp
   119 | D:1      | Reached skill level 3 in Air Magic
   167 | D:1      | Gained mutation: When hurt, damage is shared between your health and your magic reserves. [demonic ancestry]
   167 | D:1      | Reached XP level 2. HP: 2/19 MP: 3/5
   585 | D:3      | Reached * piety under Dithmenos
   669 | D:5      | Entered Level 5 of the Dungeon
   680 | D:5      | Noticed a scorpion
   733 | D:5      | Noticed Prince Ribbit
   745 | D:5      | Learned a level 2 spell: Repel Missiles
   748 | D:5      | Learned a level 2 spell: Swiftness
   908 | D:6      | Reached XP level 3. HP: 24/24 MP: 1/6
  1016 | D:6      | Found a white marble altar of Elyvilon.
  1075 | D:6      | Reached skill level 4 in Air Magic
  1075 | D:6      | Gained mutation: You regenerate magic rapidly. [demonic ancestry]
  1075 | D:6      | Reached XP level 4. HP: 15/30 MP: 0/7
  1234 | D:6      | Gained mutation: You have large cloven feet. [demonic ancestry]
  1234 | D:6      | Reached XP level 5. HP: 35/35 MP: 2/8
  1282 | D:6      | Noticed Blork the orc
  1315 | D:7      | Noticed a sky beast
  1365 | D:7      | Learned a level 3 spell: Static Discharge
  1447 | D:7      | Killed a sky beast
  1447 | D:7      | Reached XP level 6. HP: 41/41 MP: 7/9
  1453 | D:7      | Gained mutation: You are resistant to electric shocks. [mutagenic meat]
  1454 | D:7      | Gained mutation: Your mind is acute. (Int +2) [mutagenic meat]
  1455 | D:7      | Gained mutation: You tend to lose your temper in combat. [mutagenic meat]
  1456 | D:7      | Gained mutation: You have a pair of small horns on your head. [mutagenic meat]
  1457 | D:7      | Gained mutation: Your body sometimes deteriorates upon taking damage. [mutagenic meat]
  1506 | D:7      | Noticed a yak
  1512 | D:7      | Noticed a yak
  1554 | D:6      | Killed Blork the orc
  1749 | D:7      | HP: 1/41 [something (2)]
  1749 | D:7      | Mangled by an unseen horror

Vault maps used:
D:1:      lightli_arrival_farm
D:2:      lemuel_doored_altar, uniq_natasha
D:3:      tgw_sif, lemuel_crystal_altar, first_bread,
          corexii_item_surrounded_by_moat, item_on_display_a
D:4:      nicolae_overflow_crystal_walls, old_standard_altar,
          minmay_misc_feat_x, uniq_eustachio
D:5:      serial_shops, shop, uniq_prince_ribbit1
D:6:      elyvilon_altar_4, minmay_temple_entry_junction, uniq_sigmund,
          uniq_blork_the_orc, uniq_menkaure
D:7:      minmay_opposing_rooms

Action                   |  1- 3 |  4- 6 || total
-------------------------+-------+-------++-------
Melee: Unarmed           |    47 |       ||    47
       Halberd           |       |     8 ||     8
 Cast: Shock             |    41 |    31 ||    72
       Repel Missiles    |     1 |       ||     1
       Static Discharge  |       |     3 ||     3
       Swiftness         |       |     1 ||     1
Evoke: Wand              |       |     6 ||     6
  Use: Scroll            |       |     7 ||     7
       Potion            |       |     3 ||     3
 Stab: Sleeping          |     1 |       ||     1
  Eat: Chunk             |     1 |     7 ||     8
       Royal jelly       |       |     1 ||     1
       Meat ration       |       |     1 ||     1
